NYP
MILWAUKEE (NYP) BREWERS @ ROME BRAVES
06/05/2048
 
TOP OF THE 1ST
Milwaukee (NYP) Brewers batting - Pitching for Rome Braves : RHP Walt Bunney
Pitching: RHP Walt Bunney
Batting: SHB Aaron Neill 0-0: Called Strike
0-1: Ball
1-1: Ball
2-1: Called Strike
2-2: Foul Ball, location: 2F
2-2: DOUBLE (Flyball, 8RD, EV 91.2 MPH)
Batting: LHB Jason Raker 0-0: Called Strike
0-1: Ball
1-1: Ball
2-1: Ball
3-1: Foul Ball, location: 2F
3-2: Foul Ball, location: 2F
3-2: Base on Balls
Batting: SHB Justin Hensley 0-0: Called Strike
0-1: Swinging Strike
0-2: Ball
Wild Pitch!
Aaron Neill to third
Jason Raker to second
1-2: Foul Ball, location: 2F
1-2: Strikes out swinging
Batting: LHB Tyler Francis 0-0: Called Strike
0-1: Called Strike
0-2: DOUBLE (Line Drive, 7LD, EV 106.9 MPH)
Aaron Neill scores
Jason Raker scores
Batting: RHB Chris Maul 0-0: Fly out, F7 (Flyball, 7, EV 84.4 MPH)
Batting: LHB Greg Reedy 0-0: Swinging Strike
0-1: Swinging Strike
0-2: Ball
1-2: Ball
2-2: Strikes out swinging
Top of the 1st over - 2 runs, 2 hits, 0 errors, 1 left on base; Milwaukee (NYP) 2 - Rome 0
BOTTOM OF THE 1ST
Rome Braves batting - Pitching for Milwaukee (NYP) Brewers : RHP Bobby Savoy
Pitching: RHP Bobby Savoy
Batting: RHB Rafael Reyes 0-0: Foul Ball, location: 2F
0-1: Foul Ball, location: 2F
0-2: Hit by Pitch
Batting: RHB Chris Trites 0-0: Swinging Strike
Rafael Reyes is caught stealing 2nd base 2-4
0-1: Ball
1-1: Ball
2-1: Called Strike
2-2: Strikes out swinging
Batting: LHB Ricardo Sandoval 0-0: Ball
1-0: Foul Ball, location: 2F
1-1: Swinging Strike
1-2: Ground out U3 (Groundball, 34, EV 101.9 MPH)
Bottom of the 1st over - 0 runs, 0 hits, 0 errors, 0 left on base; Milwaukee (NYP) 2 - Rome 0
TOP OF THE 2ND
Milwaukee (NYP) Brewers batting - Pitching for Rome Braves : RHP Walt Bunney
Batting: RHB Jose Cerritos 0-0: Foul Ball, location: 2F
0-1: Called Strike
0-2: Foul Ball, location: 2F
0-2: Strikes out swinging
Batting: LHB Umar Matoub 0-0: Ball
1-0: Called Strike
1-1: Ball
2-1: Fly out, F9 (Flyball, 89S, EV 91.9 MPH)
Batting: RHB Victor Alarcon 0-0: Ground out 6-3 (Groundball, 4MS, EV 89.4 MPH)
Top of the 2nd over - 0 runs, 0 hits, 0 errors, 0 left on base; Milwaukee (NYP) 2 - Rome 0
BOTTOM OF THE 2ND
Rome Braves batting - Pitching for Milwaukee (NYP) Brewers : RHP Bobby Savoy
Batting: LHB Tamaichi Sasada 0-0: Ball
1-0: Called Strike
1-1: Called Strike
1-2: DOUBLE (Flyball, 78D, EV 91.2 MPH)
Batting: SHB Karl Starnes 0-0: Called Strike
0-1: Ball
1-1: Ball
2-1: Called Strike
2-2: Ball
3-2: Strikes out swinging
Batting: RHB Costantino Dolfini 0-0: Hit by Pitch
Batting: RHB Dave Pizarro 0-0: Ball
1-0: Fly out, F9 (Flyball, 89S, EV 91.9 MPH)
Batting: LHB Jason Herr 0-0: Ball
1-0: Foul Ball, location: 2F
1-1: Fly out, F7 (Flyball, 7, EV 77.5 MPH)
Bottom of the 2nd over - 0 runs, 1 hit, 0 errors, 2 left on base; Milwaukee (NYP) 2 - Rome 0
TOP OF THE 3RD
Milwaukee (NYP) Brewers batting - Pitching for Rome Braves : RHP Walt Bunney
Batting: SHB Aaron Neill 0-0: Ball
1-0: Foul Ball, location: 2F
1-1: Ball
2-1: Foul Ball, location: 2F
2-2: Ball
3-2: Foul Ball, location: 2LF, Error on foul ball, E2
3-2: Fly out, F7 (Line Drive, 7S, EV 93.8 MPH)
Batting: LHB Jason Raker 0-0: Foul Ball, location: 2F
0-1: Swinging Strike
0-2: Foul Ball, location: 2F
0-2: Ball
1-2: SINGLE (Groundball, 25, EV 75.0 MPH) (infield hit)
Batting: SHB Justin Hensley 0-0: Foul Ball, location: 2F
0-1: Ball
Jason Raker is caught stealing 2nd base 2-6
1-1: Ball
2-1: Ball
3-1: Called Strike
3-2: Foul Ball, location: 2F
3-2: Foul Ball, location: 2F
3-2: Foul Ball, location: 2F
3-2: Fly out, F8 (Flyball, 8RD, EV 72.5 MPH)
Top of the 3rd over - 0 runs, 1 hit, 1 error, 0 left on base; Milwaukee (NYP) 2 - Rome 0
BOTTOM OF THE 3RD
Rome Braves batting - Pitching for Milwaukee (NYP) Brewers : RHP Bobby Savoy
Batting: RHB Yutaka Yamane 0-0: Called Strike
0-1: Fly out, F9 (Flyball, 9, EV 85.6 MPH)
Batting: RHB Rafael Reyes 0-0: Called Strike
0-1: Fly out, F7 (Flyball, 7LS, EV 86.2 MPH)
Batting: RHB Chris Trites 0-0: Ball
1-0: Ground out 4-3 (Groundball, 4, EV 107.5 MPH)
Bottom of the 3rd over - 0 runs, 0 hits, 0 errors, 0 left on base; Milwaukee (NYP) 2 - Rome 0
TOP OF THE 4TH
Milwaukee (NYP) Brewers batting - Pitching for Rome Braves : RHP Walt Bunney
Batting: LHB Tyler Francis 0-0: Swinging Strike
0-1: Swinging Strike
0-2: Ball
1-2: Ball
2-2: Strikes out swinging
Batting: RHB Chris Maul 0-0: Fly out, F7 (Flyball, 7, EV 81.9 MPH)
Batting: LHB Greg Reedy 0-0: Called Strike
0-1: Fly out, F6 (Popup, 6S, EV 85.6 MPH)
Top of the 4th over - 0 runs, 0 hits, 0 errors, 0 left on base; Milwaukee (NYP) 2 - Rome 0
BOTTOM OF THE 4TH
Rome Braves batting - Pitching for Milwaukee (NYP) Brewers : RHP Bobby Savoy
Batting: LHB Ricardo Sandoval 0-0: Called Strike
0-1: Ground out 3-1 (Groundball, 34S, EV 70.6 MPH)
Batting: LHB Tamaichi Sasada 0-0: Ball
1-0: Ball
2-0: Ball
3-0: Called Strike
3-1: Base on Balls
Batting: SHB Karl Starnes 0-0: Ball
1-0: Ball
2-0: Ball
3-0: Called Strike
3-1: Foul Ball, location: 2F
3-2: Foul Ball, location: 2F
3-2: Base on Balls
Tamaichi Sasada to second
Batting: RHB Costantino Dolfini 0-0: Ball
1-0: Called Strike
1-1: DOUBLE (Line Drive, 78D, EV 100.0 MPH)
Tamaichi Sasada scores
Karl Starnes to third
Batting: RHB Dave Pizarro 0-0: Foul Ball, location: 2F
0-1: Swinging Strike
0-2: Ball
1-2: Ball
2-2: Strikes out swinging
Batting: LHB Jason Herr 0-0: Ball
1-0: Ground out 4-3 (Groundball, 4, EV 84.4 MPH)
Bottom of the 4th over - 1 run, 1 hit, 0 errors, 2 left on base; Milwaukee (NYP) 2 - Rome 1
TOP OF THE 5TH
Milwaukee (NYP) Brewers batting - Pitching for Rome Braves : RHP Walt Bunney
Batting: RHB Jose Cerritos 0-0: Ball
1-0: Ball
2-0: Ball
3-0: Base on Balls
Batting: LHB Umar Matoub 0-0: Called Strike
0-1: Foul Ball, location: 2F
0-2: Foul Ball, location: 2F
0-2: Ball
Passed Ball!
Jose Cerritos to second
1-2: Ball
Wild Pitch!
Jose Cerritos to third
2-2: Hit by Pitch
Batting: RHB Victor Alarcon 0-0: Ball
1-0: Ball
2-0: Ball
3-0: Base on Balls
Umar Matoub to second
Batting: SHB Aaron Neill 0-0: Called Strike
0-1: Ball
1-1: Foul Ball, location: 2F
1-2: Ball
2-2: Reached on error, E5 (Groundball, 56, EV 98.8 MPH)
Jose Cerritos scores
Umar Matoub to third
Victor Alarcon to second
Batting: LHB Jason Raker 0-0: Fly out, F8 (Line Drive, 8LM, EV 93.1 MPH)
Batting: SHB Justin Hensley 0-0: Ball
1-0: Called Strike
1-1: Foul Ball, location: 2F
1-2: Ball
2-2: Foul Ball, location: 2F
2-2: Foul Ball, location: 2F
2-2: Fly out, F8 (Flyball, 8LD, EV 83.1 MPH)
Batting: LHB Tyler Francis 0-0: Ball
1-0: Foul Ball, location: 2F
1-1: Fly out, F7 (Flyball, 7LS, EV 79.4 MPH)
Top of the 5th over - 1 run, 0 hits, 1 error, 3 left on base; Milwaukee (NYP) 3 - Rome 1
BOTTOM OF THE 5TH
Rome Braves batting - Pitching for Milwaukee (NYP) Brewers : RHP Bobby Savoy
Batting: RHB Yutaka Yamane 0-0: SINGLE (Line Drive, 4M, EV 96.2 MPH)
Batting: RHB Rafael Reyes 0-0: Called Strike
0-1: Reached on error, E5 (Groundball, 56, EV 96.2 MPH)
Yutaka Yamane to second
Batting: RHB Chris Trites 0-0: Ball
1-0: Ball
2-0: Ball
3-0: Called Strike
3-1: Fly out, F8 (Line Drive, 8LD, EV 100.0 MPH)
Batting: LHB Ricardo Sandoval 0-0: Called Strike
0-1: Called Strike
0-2: Strikes out swinging
Batting: LHB Tamaichi Sasada 0-0: Ground out U3 (Groundball, 34S, EV 81.9 MPH)
Bottom of the 5th over - 0 runs, 1 hit, 1 error, 2 left on base; Milwaukee (NYP) 3 - Rome 1
TOP OF THE 6TH
Milwaukee (NYP) Brewers batting - Pitching for Rome Braves : RHP Walt Bunney
Batting: RHB Chris Maul 0-0: Ball
1-0: Called Strike
1-1: DOUBLE (Line Drive, 89XD, EV 103.1 MPH)
Batting: LHB Greg Reedy 0-0: Called Strike
Chris Maul steals 3rd base
0-1: Ball
1-1: Ball
2-1: Foul Ball, location: 2F
2-2: Strikes out swinging
Pitching: RHP Bobby Feig
Batting: RHB Jose Cerritos 0-0: Called Strike
0-1: Called Strike
0-2: SINGLE (Groundball, 56S, EV 68.8 MPH) (infield hit)
Chris Maul scores
Batting: LHB Umar Matoub 0-0: Called Strike
0-1: Called Strike
Jose Cerritos is caught stealing 2nd base 2-6
0-2: SINGLE (Line Drive, 5D, EV 109.4 MPH)
Batting: RHB Victor Alarcon 0-0: Called Strike
0-1: Fly out, F7 (Line Drive, 7S, EV 91.9 MPH)
Top of the 6th over - 1 run, 3 hits, 0 errors, 1 left on base; Milwaukee (NYP) 4 - Rome 1
BOTTOM OF THE 6TH
Rome Braves batting - Pitching for Milwaukee (NYP) Brewers : RHP Bobby Savoy
Batting: SHB Karl Starnes 0-0: Ball
1-0: Foul Ball, location: 2F
1-1: Ball
2-1: Foul Ball, location: 2F
2-2: Strikes out swinging
Batting: RHB Costantino Dolfini 0-0: Foul Ball, location: 2F
0-1: Ball
1-1: Foul Ball, location: 2F
1-2: Fly out, F7 (Line Drive, 7LM, EV 88.8 MPH)
Batting: RHB Dave Pizarro 0-0: Called Strike
0-1: Ball
1-1: Ball
2-1: Foul Ball, location: 2F
2-2: TRIPLE (Flyball, 8RXD, EV 113.8 MPH)
Pitching: RHP Marquis Williams
Batting: LHB Jason Herr 0-0: Called Strike
0-1: Ball
1-1: Fly out, F9 (Flyball, 89S, EV 85.0 MPH)
Bottom of the 6th over - 0 runs, 1 hit, 0 errors, 1 left on base; Milwaukee (NYP) 4 - Rome 1
TOP OF THE 7TH
Milwaukee (NYP) Brewers batting - Pitching for Rome Braves : RHP Bobby Feig
Batting: SHB Aaron Neill 0-0: Fly out, F8 (Line Drive, 8RM, EV 95.6 MPH)
Batting: LHB Jason Raker 0-0: Ball
1-0: Foul Ball, location: 2F
1-1: Ball
2-1: Ground out 6-3 (Groundball, 6, EV 85.6 MPH)
Batting: SHB Justin Hensley 0-0: Called Strike
0-1: Ball
1-1: Ball
2-1: Foul Ball, location: 2F
2-2: Ball
3-2: Ground out U3 (Groundball, 13, EV 90.0 MPH)
Top of the 7th over - 0 runs, 0 hits, 0 errors, 0 left on base; Milwaukee (NYP) 4 - Rome 1
BOTTOM OF THE 7TH
Rome Braves batting - Pitching for Milwaukee (NYP) Brewers : RHP Marquis Williams
Now at 3B: Jonathan Sarles
Batting: RHB Yutaka Yamane 0-0: Called Strike
0-1: SINGLE (Groundball, 6MD, EV 98.8 MPH)
Batting: RHB Rafael Reyes 0-0: Ball
1-0: Called Strike
1-1: Grounds into double play, 4-6-3 (Groundball, 4, EV 106.9 MPH)
Batting: RHB Chris Trites 0-0: Ball
1-0: Swinging Strike
1-1: Ball
2-1: Ground out U3 (Groundball, 3S, EV 83.1 MPH)
Bottom of the 7th over - 0 runs, 1 hit, 0 errors, 0 left on base; Milwaukee (NYP) 4 - Rome 1
TOP OF THE 8TH
Milwaukee (NYP) Brewers batting - Pitching for Rome Braves : RHP Bobby Feig
Batting: LHB Tyler Francis 0-0: Fly out, F7 (Flyball, 7D, EV 91.2 MPH)
Batting: RHB Chris Maul 0-0: Foul Ball, location: 2F
0-1: Ball
1-1: Ground out 6-3 (Groundball, 6, EV 86.9 MPH)
Batting: LHB Greg Reedy 0-0: Ball
1-0: Ball
2-0: Ball
3-0: Base on Balls
Batting: RHB Jose Cerritos 0-0: Fielders Choice at 2nd, 6-4 (Groundball, 6, EV 81.9 MPH)
Top of the 8th over - 0 runs, 0 hits, 0 errors, 1 left on base; Milwaukee (NYP) 4 - Rome 1
BOTTOM OF THE 8TH
Rome Braves batting - Pitching for Milwaukee (NYP) Brewers : RHP Marquis Williams
Now at SS: Craig Wright
Batting: LHB Ricardo Sandoval 0-0: Swinging Strike
0-1: Called Strike
0-2: Ball
1-2: Ground out 2-3 (Groundball, 2L, EV 73.1 MPH)
Pitching: LHP Juan Gonzalez
Batting: LHB Tamaichi Sasada 0-0: Ball
1-0: Ball
2-0: Ball
3-0: Called Strike
3-1: Base on Balls
Batting: SHB Karl Starnes 0-0: Called Strike
0-1: SINGLE (Groundball, 6, EV 98.8 MPH)
Tamaichi Sasada to second
Batting: RHB Costantino Dolfini 0-0: Ball
1-0: Swinging Strike
1-1: Foul Ball, location: 2F
1-2: Foul Ball, location: 2F
1-2: Ball
2-2: TRIPLE (Groundball, 3L, EV 106.2 MPH)
Tamaichi Sasada scores
Karl Starnes scores
Batting: RHB Dave Pizarro 0-0: Ball
1-0: Foul Ball, location: 2F
1-1: Ball
2-1: Ball
3-1: Base on Balls
Batting: LHB Jason Herr 0-0: Swinging Strike
0-1: Ball
1-1: Ball
2-1: Swinging Strike
Passed Ball!
Costantino Dolfini scores
Dave Pizarro to second
2-2: Ball
3-2: Foul Ball, location: 2F
3-2: Strikes out looking
Batting: RHB Yutaka Yamane 0-0: Ball
1-0: Swinging Strike
1-1: Called Strike
1-2: Strikes out swinging
Bottom of the 8th over - 3 runs, 2 hits, 0 errors, 1 left on base; Milwaukee (NYP) 4 - Rome 4
TOP OF THE 9TH
Milwaukee (NYP) Brewers batting - Pitching for Rome Braves : RHP Bobby Feig
Batting: LHB Umar Matoub 0-0: Ball
1-0: Ball
2-0: SINGLE (Groundball, 34D, EV 110.0 MPH)
Pitching: RHP Jimmy Loudner
Pinch Hitting: LHB John Fortin 0-0: Ball
1-0: Foul Ball, location: 2F
1-1: Ball
2-1: Ball
3-1: Base on Balls
Umar Matoub to second
Batting: SHB Aaron Neill 0-0: Sac Bunt to 15S - play at first, batter OUT! 1-4
Umar Matoub to third
John Fortin to second
Batting: LHB Jason Raker 0-0: Intentional Walk
Batting: RHB Jonathan Sarles 0-0: Ball
1-0: Swinging Strike
1-1: Swinging Strike
1-2: Ball
2-2: Ball
3-2: Fly out, F7 (Flyball, 7LM, EV 90.6 MPH)
Batting: LHB Tyler Francis 0-0: Swinging Strike
0-1: Foul Ball, location: 2F
0-2: DOUBLE (Groundball, 5L, EV 100.6 MPH)
Umar Matoub scores
John Fortin scores
Jason Raker to third
Runner from 3rd tries for Home, SAFE, throw by LF to trailing runner, SAFE at third!
Batting: RHB Chris Maul 0-0: Foul Ball, location: 2F
0-1: Foul Ball, location: 2F
0-2: Foul Ball, location: 2F
0-2: Ball
Wild Pitch!
Tyler Francis scores
1-2: Strikes out swinging
Top of the 9th over - 4 runs, 2 hits, 0 errors, 0 left on base; Milwaukee (NYP) 8 - Rome 4
BOTTOM OF THE 9TH
Rome Braves batting - Pitching for Milwaukee (NYP) Brewers : LHP Juan Gonzalez
Pitching: RHP Dan Patino
Now in RF: Michael Dickerson
Batting: RHB Rafael Reyes 0-0: Called Strike
0-1: Ball
1-1: Ball
2-1: Swinging Strike
2-2: Ball
3-2: Strikes out swinging
Batting: RHB Chris Trites 0-0: Ground out 6-3 (Groundball, 6, EV 100.6 MPH)
Batting: LHB Ricardo Sandoval 0-0: Swinging Strike
0-1: Swinging Strike
0-2: Strikes out swinging
Bottom of the 9th over - 0 runs, 0 hits, 0 errors, 0 left on base; Milwaukee (NYP) 8 - Rome 4
Tuesday, March 28th , 2023 - OOTP Baseball 23.10 Build 110